 Dungeon Crawl Stone Soup version 0.31-a0-675-g238779eb0a (webtiles) character file.

Game seed: 10656882851653180477

100 randomguy2701 the Trooper (level 4, -2/41 HPs)
             Began as a Hill Orc Fighter on Sept 5, 2023.
             Slain by an iguana (4 damage)
             ... on level 6 of the Dungeon.
             The game lasted 00:02:03 (2074 turns).

randomguy2701 the Trooper (Hill Orc Fighter)        Turns: 2074, Time: 00:02:04

Health: -2/41      AC:  9    Str: 18    XL:     4   Next: 73%
Magic:  4/4        EV:  9    Int:  8    God:
Gold:   183        SH:  4    Dex: 12    Spells: 3/3 levels left

rFire   . . .        a - +0 war axe
rCold   . . .        c - +0 buckler
rNeg    . . .        b - +0 scale mail
rPois   .            q - +0 helmet
rElec   .            (no cloak)
rCorr   .            r - +0 pair of gloves
SInv    .            (no boots)
Will    .....        p - amulet of the acrobat Stlth
                     (no ring)
HPRegen 0.26/turn    (no ring)
MPRegen 0.09/turn

%: acrobat
@: no status effects
A: no striking features
a: no special abilities


You were on level 6 of the Dungeon.
You visited 1 branch of the dungeon, and saw 4 of its levels.

You collected 183 gold pieces.

Inventory:

Hand Weapons
 a - a +0 war axe (weapon)
Armour
 b - a +0 scale mail (worn)
 c - a +0 buckler (worn)
 q - a +0 helmet (worn)
 r - a +0 pair of gloves (worn)
Jewellery
 p - an amulet of the acrobat (around neck)
Wands
 n - a wand of quicksilver (1)
Scrolls
 e - a scroll of enchant weapon {unknown}
 f - a scroll of identify {unknown}
 l - 3 scrolls of teleportation {unknown}
 o - a scroll of blinking {unknown}
Potions
 d - a potion of might
 g - a potion of curing {unknown}
 h - a potion of heal wounds {unknown}
 i - a potion of enlightenment {unknown}
 j - a potion of lignification {unknown}
 k - a potion of magic {unknown}
 m - a potion of brilliance {unknown}


   Skills:
 + Level 4.6 Fighting
 + Level 4.3 Axes
 + Level 3.9 Armour
 + Level 0.1 Stealth
 + Level 3.7 Shields


You had 3 spell levels left.
You didn't know any spells.
Your spell library contained the following spells:

 Spells                   Type           Power      Damage    Failure   Level
 Freeze                   Ice            0%         1d3       86%         1
 Frozen Ramparts          Ice            0%         1d1       99%         3
 Hailstorm                Conj/Ice       0%         3d3       99%         3


Dungeon Overview and Level Annotations

Branches:
Dungeon (3/15)

Altars:
Uskayaw


Message History

Found a smoky clear potion.
An electric eel comes into view.
Found a leather armour.
The electric eel shoots out a bolt of lightning at you!
The bolt of electricity hits you.
An electric eel is nearby!
Found 13 gold pieces and 4 poisoned darts.
An iguana comes into view.
Found a stone staircase leading down.
The iguana hisses angrily.
Found a stone staircase leading down.
The iguana bites you!
You hit the iguana but do no damage. The iguana closely misses you.
You slash the iguana!
The iguana is heavily wounded.
The iguana bites you!
You barely miss the iguana.
The iguana is heavily wounded.
The iguana closely misses you.
You hit the iguana.
The iguana is almost dead.
The iguana bites you!
* * * LOW HITPOINT WARNING * * *
You block the iguana's attack.
You closely miss the iguana.
The iguana is almost dead.
The iguana bites you.
* * * LOW HITPOINT WARNING * * *
You barely miss the iguana.
The iguana is almost dead.
You block the iguana's attack.
You barely miss the iguana.
The iguana is almost dead.
The iguana bites you.
* * * LOW HITPOINT WARNING * * *
The iguana bites you.
* * * LOW HITPOINT WARNING * * *
You hit the iguana but do no damage.
The iguana is almost dead.
The iguana bites you.
You die...

#..........!.
...#.......##.#.
................
######..####..##
#..# ....>
#..##>...##
#.........
#..##..#..#
#..@....$.#
........#l......
........#(#.#..#
..##.##.... .. #
. #.. ...... ..#
.... #.#.#.# ##
..#. #.#.#.. #.
..#.##..


You could see an iguana.

Vanquished Creatures
  4 adders
  A dart slug (D:3)
  6 ball pythons
  6 endoplasms
  6 hobgoblins
  2 jackals (D:1)
  7 kobolds
  4 quokkas
  9 bats
  6 frilled lizards
  3 goblins (D:1)
  8 rats
62 creatures vanquished.

Notes
Turn   | Place    | Note
-------+----------+-------------------------------------------
     0 | D:1      | randomguy2701 the Hill Orc Fighter began the quest for the
                  | Orb.
     0 | D:1      | Reached XP level 1. HP: 19/19 MP: 1/1
   114 | D:1      | Reached XP level 2. HP: 26/27 MP: 2/2
   607 | D:1      | Reached XP level 3. HP: 26/33 MP: 3/3
  1108 | D:2      | Reached XP level 4. HP: 41/41 MP: 4/4
  1140 | D:2      | Found a faded altar of an unknown god.
  1953 | D:3      | Found a hide-covered altar of Uskayaw.
  2058 | D:3      | You fall into a shaft and drop 3 floors!
  2073 | D:6      | HP: 2/41 [iguana (2)]
  2074 | D:6      | Slain by an iguana

Illustrated notes

Levels and vault maps discovered:
D:1:      lemuel_arrival_hallway, layout_basic
D:2:      layout_rooms, hellmonk_ecumenical_altar_leap_of_faith
D:3:      layout_rooms, nicolae_hepliaklqana_hippocampus,
          mainiacjoe_overflow_alcove_1, st_stairs_1, minmay_surrounded
D:6:      cheibrodos_helix_gallery, layout_loops_cross, serial_shops, shop,
          minmay_circle_x

Skill      XL: |  1  2  3  4 |
---------------+-------------+-----
Fighting       | 4 |  4.6
Axes           | 3 4 |  4.3
Armour         | |  3.9
Stealth        | |  0.1
Shields        | |  3.7

Action                     |  1- 3 |  4- 6 || total
---------------------------+-------+-------++-------
  Melee: War axe           |   107 |    72 ||   179
 Armour: Scale mail        |    71 |    53 ||   124
  Dodge: Dodged            |    56 |    39 ||    95
  Block: Buckler           |    19 |    13 ||    32

Table legend: (Time is in decaauts)
 A = Elapsed time spent in this place.
 B = Non-inter-level travel time spent in this place.
 C = Inter-level travel time spent in this place.
 D = Time resting spent in this place.
 E = Time spent auto-exploring this place.
 F = Levels seen in this place.
 G = Mean time per level.
                   A        B        C        D        E       F      G
               +--------+--------+--------+--------+--------+-----+--------+
         Total |   2138 |   1933 |    205 |      0 |   1495 |   4 |  534.5 |
       Dungeon |   2138 |   1933 |    205 |      0 |   1495 |   4 |  534.5 |
               +--------+--------+--------+--------+--------+-----+--------+

Top non-repeatable levels by time:
     D:1: 1108 daAuts
     D:2: 715 daAuts
     D:3: 296 daAuts
     D:6: 18 daAuts
